ITL
WISCONSIN TIMBER RATTLERS @ BLUEVILLE 83'S
09/27/2026
 
TOP OF THE 1ST
Wisconsin Timber Rattlers batting - Pitching for Blueville 83's : LHP Carlos Thomas
Pitching: LHP Carlos Thomas
Batting: LHB Alex Henderson 0-0: Called Strike
0-1: Ball
1-1: Ball
2-1: Ball
3-1: Base on Balls
Batting: RHB Murdoch Norton 0-0: Swinging Strike
0-1: Ball
1-1: Foul Ball, location: 2F
1-2: Grounds into double play, 6-4-3 (Groundball, 6)
Batting: SHB Ricardo Arévalo 0-0: Ball
1-0: Hit by Pitch
Batting: RHB Vicente Vélez 0-0: Called Strike
0-1: Ball
1-1: Fly out, F8 (Flyball, 8RS)
Top of the 1st over - 0 run(s), 0 hit(s), 0 error(s), 1 left on base; Wisconsin 0 - Blueville 0
BOTTOM OF THE 1ST
Blueville 83's batting - Pitching for Wisconsin Timber Rattlers : RHP John Thompson
Pitching: RHP John Thompson
Batting: RHB Earl Conrad 0-0: Ball
1-0: Called Strike
1-1: Fly out, F4 (Popup, 34)
Batting: RHB Juan Costello 0-0: Foul Ball, location: 2F
0-1: Swinging Strike
0-2: SINGLE (Groundball, 56D)
Batting: RHB Naomichi Aoki 0-0: SINGLE (Groundball, 5D)
Juan Costello to second
Batting: RHB Gernot Renner 0-0: Ball
1-0: Ball
2-0: Ball
3-0: Base on Balls
Juan Costello to third
Naomichi Aoki to second
Batting: RHB Bryce Hester 0-0: Called Strike
0-1: Fly out, F9 (Line Drive, 9M)
Runner from 3rd tags up, SCORES, no throw
Batting: RHB Matt Perkins 0-0: Called Strike
0-1: DOUBLE (Line Drive, 9LM)
Naomichi Aoki scores
Gernot Renner to third
Batting: LHB António Glaviz 0-0: Foul Ball, location: 2F
0-1: Ball
Wild Pitch!
Gernot Renner scores
Matt Perkins to third
1-1: Fly out, F8 (Flyball, 8RS)
Bottom of the 1st over - 3 run(s), 3 hit(s), 0 error(s), 1 left on base; Wisconsin 0 - Blueville 3
TOP OF THE 2ND
Wisconsin Timber Rattlers batting - Pitching for Blueville 83's : LHP Carlos Thomas
Batting: RHB Bruce Brooks 0-0: Called Strike
0-1: Swinging Strike
0-2: Strikes out looking
Batting: RHB William Farmer 0-0: Ground out 6-3 (Groundball, 4M)
Batting: RHB Pablo Gonzáles 0-0: Ball
1-0: Ball
2-0: Ball
3-0: Base on Balls
Batting: RHB António Pérez 0-0: Ball
1-0: Ball
Pablo Gonzáles is caught stealing 2nd base
Top of the 2nd over - 0 run(s), 0 hit(s), 0 error(s), 0 left on base; Wisconsin 0 - Blueville 3
BOTTOM OF THE 2ND
Blueville 83's batting - Pitching for Wisconsin Timber Rattlers : RHP John Thompson
Batting: LHB Cristóbal Cintrón 0-0: Called Strike
0-1: Called Strike
0-2: Ball
1-2: Ball
2-2: Foul Ball, location: 2F
2-2: Fly out, F7 (Flyball, 7D)
Batting: LHB Jacob Wright 0-0: Called Strike
0-1: Ball
1-1: SINGLE (Line Drive, 56)
Batting: RHB Earl Conrad 0-0: Called Strike
0-1: Hit by Pitch
Jacob Wright to second
Batting: RHB Juan Costello 0-0: Called Strike
0-1: DOUBLE (Line Drive, 8LXD)
Jacob Wright scores
Earl Conrad to third
Batting: RHB Naomichi Aoki 0-0: Ball
1-0: Foul Ball, location: 2F
1-1: Ball
2-1: Fly out, F8 (Flyball, 8LM)
Batting: RHB Gernot Renner 0-0: SINGLE (Line Drive, 5D)
Earl Conrad scores
Juan Costello to third
Runner from 3rd tries for Home, SAFE, no throw or cutoff
Batting: RHB Bryce Hester 0-0: Ball
1-0: Ball
2-0: Foul Ball, location: 2F
2-1: Ball
3-1: Foul Ball, location: 2F
3-2: Base on Balls
Gernot Renner to second
Batting: RHB Matt Perkins 0-0: Ball
1-0: Ball
2-0: Ball
3-0: Base on Balls
Gernot Renner to third
Bryce Hester to second
Batting: LHB António Glaviz 0-0: Called Strike
0-1: Ball
1-1: Ball
2-1: SINGLE (Groundball, 34S)
Gernot Renner scores
Bryce Hester to third
Matt Perkins to second
Runner from 3rd tries for Home, SAFE, no throw or cutoff
Pitching: RHP Drew Bailey
Batting: LHB Cristóbal Cintrón 0-0: Called Strike
0-1: Ball
1-1: Ball
2-1: Ball
3-1: Base on Balls
Matt Perkins to third
António Glaviz to second
Batting: LHB Jacob Wright 0-0: Foul Ball, location: 2F
0-1: Foul Ball, location: 2F
0-2: Ball
1-2: Foul Ball, location: 2F
1-2: Ball
2-2: DOUBLE (Line Drive, 89S)
Matt Perkins scores
António Glaviz scores
Cristóbal Cintrón to third
Batting: RHB Earl Conrad 0-0: Ball
1-0: Ball
2-0: Ball
3-0: Called Strike
3-1: Called Strike
3-2: DOUBLE (Line Drive, 7D)
Cristóbal Cintrón scores
Jacob Wright scores
Batting: RHB Juan Costello 0-0: Swinging Strike
0-1: Foul Ball, location: 2F
0-2: Ball
1-2: SINGLE (Groundball, 4D)
Earl Conrad to third
Runner from 3rd tries for Home, SAFE, no throw or cutoff
Pitching: RHP Germán Arredondo
Batting: RHB Naomichi Aoki 0-0: Ball
1-0: Foul Ball, location: 2F
1-1: Ball
2-1: Foul Ball, location: 2F
2-2: Ball
3-2: Foul Ball, location: 2F
3-2: Base on Balls
Juan Costello to second
Batting: RHB Gernot Renner 0-0: Ball
1-0: Fly out, F2 (Popup, 2LF)
Bottom of the 2nd over - 10 run(s), 7 hit(s), 0 error(s), 2 left on base; Wisconsin 0 - Blueville 13
TOP OF THE 3RD
Wisconsin Timber Rattlers batting - Pitching for Blueville 83's : LHP Carlos Thomas
Batting: RHB António Pérez 0-0: Swinging Strike
0-1: Ball
1-1: Ball
2-1: Ground out 6-3 (Groundball, 6M)
Batting: RHB Danny Campbell 0-0: Foul Ball, location: 2F
0-1: Fly out, F4 (Popup, 4)
Batting: LHB Alex Henderson 0-0: Ball
1-0: Ball
2-0: Ground out 4-3 (Groundball, 4M)
Top of the 3rd over - 0 run(s), 0 hit(s), 0 error(s), 0 left on base; Wisconsin 0 - Blueville 13
BOTTOM OF THE 3RD
Blueville 83's batting - Pitching for Wisconsin Timber Rattlers : RHP Germán Arredondo
Batting: RHB Bryce Hester 0-0: Foul Ball, location: 2F
0-1: Ground out 6-3 (Groundball, 6)
Batting: RHB Matt Perkins 0-0: Foul Ball, location: 2F
0-1: Ball
1-1: Ball
2-1: Ball
3-1: SINGLE (Line Drive, 6M)
Batting: LHB António Glaviz 0-0: Ball
1-0: SINGLE (Groundball, 4M)
Matt Perkins to second
Batting: LHB Cristóbal Cintrón 0-0: Called Strike
0-1: Ball
1-1: Swinging Strike
1-2: Foul Ball, location: 2F
1-2: Ball
2-2: Ball
3-2: Base on Balls
Matt Perkins to third
António Glaviz to second
Batting: LHB Jacob Wright 0-0: Ball
Wild Pitch!
Matt Perkins scores
António Glaviz to third
Cristóbal Cintrón to second
1-0: Ball
2-0: Ball
3-0: Called Strike
3-1: Called Strike
3-2: Foul Ball, location: 2F
3-2: Foul Ball, location: 2F
3-2: Base on Balls
Pitching: RHP Jerry Terry
Batting: RHB Earl Conrad 0-0: Foul Ball, location: 2F
0-1: Foul Ball, location: 2F
0-2: Foul Ball, location: 2F
0-2: Strikes out swinging
Batting: RHB Juan Costello 0-0: Ball
1-0: SINGLE (Groundball, 5D)
António Glaviz scores
Cristóbal Cintrón to third
Jacob Wright to second
Runner from 3rd tries for Home, SAFE, no throw or cutoff
Batting: RHB Naomichi Aoki 0-0: Ground out 6-3 (Groundball, 6)
Bottom of the 3rd over - 3 run(s), 3 hit(s), 0 error(s), 2 left on base; Wisconsin 0 - Blueville 16
TOP OF THE 4TH
Wisconsin Timber Rattlers batting - Pitching for Blueville 83's : LHP Carlos Thomas
Batting: RHB Murdoch Norton 0-0: Ball
1-0: Foul Ball, location: 2F
1-1: Ball
2-1: Ball
3-1: Foul Ball, location: 2F
3-2: Foul Ball, location: 2F
3-2: Strikes out swinging
Batting: SHB Ricardo Arévalo 0-0: Ball
1-0: Ground out 5-3 (Groundball, 5)
Batting: RHB Vicente Vélez 0-0: Called Strike
0-1: Fly out, F6 (Line Drive, 6)
Top of the 4th over - 0 run(s), 0 hit(s), 0 error(s), 0 left on base; Wisconsin 0 - Blueville 16
BOTTOM OF THE 4TH
Blueville 83's batting - Pitching for Wisconsin Timber Rattlers : RHP Jerry Terry
Batting: RHB Gernot Renner 0-0: Ball
1-0: Foul Ball, location: 2F
1-1: Foul Ball, location: 2F
1-2: Ground out 6-3 (Groundball, 6)
Batting: RHB Bryce Hester 0-0: Called Strike
0-1: Foul Ball, location: 2F
0-2: Ball
1-2: Ball
2-2: Foul Ball, location: 2F
2-2: Ground out 5-3 (Groundball, 56)
Batting: RHB Matt Perkins 0-0: SINGLE (Line Drive, 7S)
Batting: LHB António Glaviz 0-0: Ball
1-0: Ball
2-0: Fly out, F6 (Popup, 7LSF)
Bottom of the 4th over - 0 run(s), 1 hit(s), 0 error(s), 1 left on base; Wisconsin 0 - Blueville 16
TOP OF THE 5TH
Wisconsin Timber Rattlers batting - Pitching for Blueville 83's : LHP Carlos Thomas
Batting: RHB Bruce Brooks 0-0: Called Strike
0-1: Swinging Strike
0-2: Ball
1-2: Ball
2-2: Strikes out swinging
Batting: RHB William Farmer 0-0: Called Strike
0-1: Swinging Strike
0-2: Ball
1-2: Hit by Pitch
Batting: RHB Pablo Gonzáles 0-0: Swinging Strike
0-1: Swinging Strike
0-2: Ball
1-2: Strikes out looking
Batting: RHB António Pérez 0-0: Swinging Strike
0-1: Ball
1-1: Ball
2-1: Ball
3-1: Base on Balls
William Farmer to second
Batting: RHB Danny Campbell 0-0: Called Strike
0-1: Ball
1-1: Foul Ball, location: 2F
1-2: Foul Ball, location: 2F
1-2: Foul Ball, location: 2F
1-2: Ball
2-2: Foul Ball, location: 2F
2-2: Fielders Choice at 2nd, U4 (Groundball, 4M)
Top of the 5th over - 0 run(s), 0 hit(s), 0 error(s), 2 left on base; Wisconsin 0 - Blueville 16
BOTTOM OF THE 5TH
Blueville 83's batting - Pitching for Wisconsin Timber Rattlers : RHP Jerry Terry
Batting: LHB Cristóbal Cintrón 0-0: Ball
1-0: Called Strike
1-1: Called Strike
1-2: Foul Ball, location: 2F
1-2: Strikes out swinging
Batting: LHB Jacob Wright 0-0: Called Strike
0-1: Ball
1-1: Ball
2-1: Ball
3-1: Base on Balls
Pitching: RHP Mike Brown
Batting: RHB Earl Conrad 0-0: Called Strike
0-1: Ball
1-1: Swinging Strike
1-2: Ball
2-2: Ball
3-2: Strikes out swinging
Batting: RHB Juan Costello 0-0: Called Strike
0-1: Ball
1-1: Swinging Strike
1-2: Ball
2-2: Ball
3-2: Ground out 1-3 (Groundball, 13S)
Bottom of the 5th over - 0 run(s), 0 hit(s), 0 error(s), 1 left on base; Wisconsin 0 - Blueville 16
TOP OF THE 6TH
Wisconsin Timber Rattlers batting - Pitching for Blueville 83's : LHP Carlos Thomas
Batting: LHB Alex Henderson 0-0: Called Strike
0-1: Fly out, F7 (Line Drive, 7M)
Batting: RHB Murdoch Norton 0-0: Foul Ball, location: 2F
0-1: Called Strike
0-2: Strikes out looking
Batting: SHB Ricardo Arévalo 0-0: Called Strike
0-1: Foul Ball, location: 2F
0-2: SOLO HOME RUN (Flyball, 7D), Distance : 374 ft
Batting: RHB Vicente Vélez 0-0: Ball
1-0: Ball
2-0: Ball
3-0: Called Strike
3-1: Base on Balls
Pitching: RHP Félix Rivera
Batting: RHB Bruce Brooks 0-0: Swinging Strike
0-1: Swinging Strike
0-2: Ball
1-2: Strikes out swinging
Top of the 6th over - 1 run(s), 1 hit(s), 0 error(s), 1 left on base; Wisconsin 1 - Blueville 16
BOTTOM OF THE 6TH
Blueville 83's batting - Pitching for Wisconsin Timber Rattlers : RHP Mike Brown
Batting: RHB Naomichi Aoki 0-0: Ground out 5-3 (Groundball, 15S)
Batting: RHB Gernot Renner 0-0: Ball
1-0: Called Strike
1-1: Ball
2-1: Called Strike
2-2: Ball
3-2: Base on Balls
Batting: RHB Bryce Hester 0-0: Ball
1-0: SINGLE (Line Drive, 9LS)
Gernot Renner to second
Batting: RHB Matt Perkins 0-0: Ball
1-0: Swinging Strike
1-1: Ball
2-1: Swinging Strike
2-2: Foul Ball, location: 2F
2-2: Ball
3-2: Base on Balls
Gernot Renner to third
Bryce Hester to second
Batting: LHB António Glaviz 0-0: Ball
1-0: Foul Ball, location: 2F
1-1: Ball
Wild Pitch!
Gernot Renner scores
Bryce Hester to third
Matt Perkins to second
2-1: Foul Ball, location: 2F
2-2: Ball
3-2: Base on Balls
Pitching: LHP Sergio Vargas
Batting: LHB Cristóbal Cintrón 0-0: GRAND SLAM HOME RUN (Flyball, 9LD), Distance : 350 ft
Batting: LHB Jacob Wright 0-0: Foul Ball, location: 2F
0-1: Foul Ball, location: 2F
0-2: Ball
1-2: Ball
2-2: SINGLE (Groundball, 34D)
Batting: RHB Earl Conrad 0-0: Called Strike
0-1: Called Strike
0-2: Ball
1-2: Ball
2-2: Ball
3-2: Foul Ball, location: 2F
3-2: Base on Balls
Jacob Wright to second
Batting: RHB Juan Costello 0-0: Ball
1-0: Foul Ball, location: 2F
1-1: SINGLE (Flyball, 78M)
Jacob Wright to third
Earl Conrad to second
Batting: RHB Naomichi Aoki 0-0: Foul Ball, location: 2F
0-1: Ball
Wild Pitch!
Jacob Wright scores
Earl Conrad to third
Juan Costello to second
1-1: Foul Ball, location: 2F
1-2: Strikes out looking
Batting: RHB Gernot Renner 0-0: Called Strike
0-1: Ball
1-1: Ground out 6-3 (Groundball, 6)
Bottom of the 6th over - 6 run(s), 4 hit(s), 0 error(s), 2 left on base; Wisconsin 1 - Blueville 22
TOP OF THE 7TH
Wisconsin Timber Rattlers batting - Pitching for Blueville 83's : RHP Félix Rivera
Batting: RHB William Farmer 0-0: Ball
1-0: Foul Ball, location: 2F
1-1: Foul Ball, location: 2F
1-2: Ball
2-2: Ball
3-2: Strikes out swinging
Batting: RHB Pablo Gonzáles 0-0: Ball
1-0: Called Strike
1-1: Called Strike
1-2: Ball
2-2: Strikes out swinging
Batting: RHB António Pérez 0-0: Ball
1-0: Foul Ball, location: 2F
1-1: Ball
2-1: Ball
3-1: Called Strike
3-2: Base on Balls
Batting: RHB Danny Campbell 0-0: Called Strike
0-1: Foul Ball, location: 2F
0-2: Strikes out swinging
Top of the 7th over - 0 run(s), 0 hit(s), 0 error(s), 1 left on base; Wisconsin 1 - Blueville 22
BOTTOM OF THE 7TH
Blueville 83's batting - Pitching for Wisconsin Timber Rattlers : LHP Sergio Vargas
Batting: RHB Bryce Hester 0-0: Ball
1-0: Ball
2-0: Called Strike
2-1: Ball
3-1: Foul Ball, location: 2F
3-2: Ground out U3 (Groundball, 3L)
Pitching: RHP Cisco Vázquez
Batting: RHB Matt Perkins 0-0: Ball
1-0: Ball
2-0: Ball
3-0: Called Strike
Reached via error on a dropped throw, E3
Batting: LHB António Glaviz 0-0: Ball
1-0: Ball
2-0: Called Strike
2-1: Ball
3-1: Base on Balls
Matt Perkins to second
Batting: LHB Cristóbal Cintrón 0-0: Ball
1-0: Ball
2-0: Called Strike
2-1: Foul Ball, location: 2F
2-2: Ball
3-2: DOUBLE (Line Drive, 7LM)
Matt Perkins scores
António Glaviz to third
Runner from 3rd tries for Home, SAFE, no throw or cutoff
Pitching: LHP Nathan Ortíz
Batting: LHB Jacob Wright 0-0: Foul Ball, location: 2F
0-1: Fly out, F7 (Flyball, 7M)
Batting: RHB Earl Conrad 0-0: Fly out, F4 (Popup, 4MD)
Bottom of the 7th over - 2 run(s), 1 hit(s), 1 error(s), 1 left on base; Wisconsin 1 - Blueville 24
TOP OF THE 8TH
Wisconsin Timber Rattlers batting - Pitching for Blueville 83's : RHP Félix Rivera
Batting: LHB Alex Henderson 0-0: DOUBLE (Flyball, 8RXD)
Pitching: RHP Félix Medina
Batting: RHB Murdoch Norton 0-0: Called Strike
0-1: Ball
1-1: Ball
2-1: Swinging Strike
2-2: Fly out, F7 (Flyball, 7D)
Runner from 2nd tags up, SAFE at 3rd, no throw
Batting: SHB Ricardo Arévalo 0-0: Ball
1-0: Called Strike
1-1: Ball
2-1: Called Strike
2-2: Foul Ball, location: 2F
2-2: Foul Ball, location: 2F
2-2: Ball
3-2: Foul Ball, location: 2F
3-2: Foul Ball, location: 2F
3-2: Foul Ball, location: 2F
3-2: Base on Balls
Batting: RHB Vicente Vélez 0-0: Foul Ball, location: 2F
0-1: Swinging Strike
0-2: Foul Ball, location: 2F
0-2: Strikes out swinging
Batting: RHB Bruce Brooks 0-0: Called Strike
0-1: Foul Ball, location: 2F
0-2: Strikes out swinging
Top of the 8th over - 0 run(s), 1 hit(s), 0 error(s), 2 left on base; Wisconsin 1 - Blueville 24
BOTTOM OF THE 8TH
Blueville 83's batting - Pitching for Wisconsin Timber Rattlers : LHP Nathan Ortíz
Batting: RHB Juan Costello 0-0: Ball
1-0: Ball
2-0: Ball
3-0: Base on Balls
Batting: RHB Naomichi Aoki 0-0: Called Strike
0-1: Ball
1-1: Swinging Strike
1-2: Strikes out looking
Batting: RHB Gernot Renner 0-0: Ball
1-0: Ball
2-0: Ball
3-0: Called Strike
3-1: SINGLE (Line Drive, 56)
Juan Costello to second
Batting: RHB Bryce Hester 0-0: Foul Ball, location: 2F
0-1: Ball
1-1: SINGLE (Flyball, 56D)
Juan Costello to third
Gernot Renner to second
Runner from 3rd tries for Home, SAFE, no throw or cutoff
Batting: RHB Matt Perkins 0-0: Called Strike
0-1: SINGLE (Groundball, 4MD)
Gernot Renner to third
Bryce Hester to second
Runner from 3rd tries for Home, SAFE, throw made home
Bryce Hester to third
Matt Perkins to second
Batting: LHB António Glaviz 0-0: Ball
1-0: Ball
2-0: Ball
3-0: Base on Balls
Batting: LHB Cristóbal Cintrón 0-0: SINGLE (Line Drive, 6MD)
Bryce Hester scores
Matt Perkins to third
António Glaviz to second
Pinch Hitting: RHB Fernando Díaz 0-0: Ball
1-0: Ball
2-0: GRAND SLAM HOME RUN (Flyball, 78XD), Distance : 439 ft
Batting: RHB Earl Conrad 0-0: Ball
1-0: Ball
2-0: Ball
3-0: Called Strike
3-1: Swinging Strike
3-2: Base on Balls
Batting: RHB Juan Costello 0-0: Ball
1-0: Ball
2-0: Ball
3-0: Called Strike
3-1: Called Strike
3-2: Foul Ball, location: 2F
3-2: Base on Balls
Earl Conrad to second
Batting: RHB Naomichi Aoki 0-0: Called Strike
0-1: Ball
1-1: Ball
2-1: Swinging Strike
2-2: Ball
3-2: Base on Balls
Earl Conrad to third
Juan Costello to second
Batting: RHB Gernot Renner 0-0: Fly out, F7 (Flyball, 7D)
Runner from 3rd tags up, SCORES, no throw
Juan Costello to third
Batting: RHB Bryce Hester 0-0: Called Strike
0-1: Called Strike
0-2: Ball
1-2: Ball
2-2: SINGLE (Line Drive, 34D)
Juan Costello scores
Naomichi Aoki to second
Batting: RHB Matt Perkins 0-0: Called Strike
0-1: SINGLE (Line Drive, 56)
Naomichi Aoki to third
Bryce Hester to second
Runner from 3rd tries for Home, SAFE, no throw or cutoff
Batting: LHB António Glaviz 0-0: Ball
1-0: Foul Ball, location: 2F
1-1: Ball
2-1: Ball
3-1: Base on Balls
Bryce Hester to third
Matt Perkins to second
Pitching: LHP David Doyle
Batting: LHB Cristóbal Cintrón 0-0: Foul Ball, location: 2F
0-1: Swinging Strike
0-2: Ball
1-2: Ball
2-2: Ball
3-2: Foul Ball, location: 2F
3-2: Foul Ball, location: 2F
3-2: Base on Balls
Bryce Hester scores
Matt Perkins to third
António Glaviz to second
Batting: RHB Fernando Díaz 0-0: Called Strike
0-1: Called Strike
0-2: SINGLE (Flyball, 8LS)
Matt Perkins scores
António Glaviz to third
Cristóbal Cintrón to second
Runner from 3rd tries for Home, SAFE, no throw or cutoff
Batting: RHB Earl Conrad 0-0: Ball
1-0: Ball
2-0: Ball
3-0: Base on Balls
Cristóbal Cintrón to third
Fernando Díaz to second
Batting: RHB Juan Costello 0-0: DOUBLE (Flyball, 7LS)
Cristóbal Cintrón scores
Fernando Díaz scores
Earl Conrad to third
Runner from 3rd tries for Home, SAFE, throw made home
Batting: RHB Naomichi Aoki 0-0: Ball
1-0: Ground out 5-3 (Groundball, 56)
Bottom of the 8th over - 16 run(s), 9 hit(s), 0 error(s), 1 left on base; Wisconsin 1 - Blueville 40
TOP OF THE 9TH
Wisconsin Timber Rattlers batting - Pitching for Blueville 83's : RHP Félix Medina
Now at 1B: Fernando Díaz
Batting: RHB William Farmer 0-0: Called Strike
0-1: Swinging Strike
0-2: Strikes out swinging
Batting: RHB Pablo Gonzáles 0-0: Ball
1-0: Foul Ball, location: 2F
1-1: SOLO HOME RUN (Flyball, 7D), Distance : 391 ft
Batting: RHB António Pérez 0-0: Swinging Strike
0-1: Swinging Strike
0-2: Foul Ball, location: 2F
0-2: DOUBLE (Line Drive, 7LD)
Batting: RHB Danny Campbell 0-0: Ball
1-0: Fly out, F3 (Popup, 3S)
Batting: LHB Alex Henderson 0-0: Ball
1-0: SINGLE (Groundball, 3D)
António Pérez to third
Runner from 3rd tries for Home, SAFE, no throw or cutoff
Batting: RHB Murdoch Norton 0-0: Called Strike
0-1: Ground out 1-3 (Groundball, 25)
Top of the 9th over - 2 run(s), 3 hit(s), 0 error(s), 1 left on base; Wisconsin 3 - Blueville 40
Monday, December 5th, 2016 - OOTP Baseball 17.12 Build 75